 Dungeon Crawl Stone Soup version 0.20-a0-3-g334f831 (webtiles) character file.

186 dobroeutro the Ruffian (level 5, 0/53 HPs)
             Began as a Troll Monk on Oct 30, 2016.
             Succumbed to Armakuni's ghost's poison
             ... on level 3 of the Dungeon.
             The game lasted 00:02:51 (2109 turns).

dobroeutro the Ruffian (Troll Monk)                 Turns: 2109, Time: 00:02:51

Health: 0/53       AC:  5    Str: 20    XL:     5   Next: 38%
Magic:  4/4        EV: 11    Int:  6    God:
Gold:   203        SH:  0    Dex: 12    Spells: 0 memorised, 4 levels left

rFire  + . .     SeeInvis .       - Unarmed
rCold  . . .     Gourm    +     a - +0 robe
rNeg   . . .     Faith    .     (no shield)
rPois  .         Spirit   .     (helmet restricted)
rElec  .         Reflect  .     (no cloak)
rCorr  .         Harm     .     (gloves unavailable)
MR     .....                    (boots unavailable)
Stlth  ++........               (no amulet)
                                (no ring)
                                d - ring of protection from fire

@: lethally poisoned (0 -> -7)
A: unfitting armour, claws 3, fast metabolism 3, gourmand, regeneration 1,
shaggy fur 1, tough skin 2
a: no special abilities


You were on level 3 of the Dungeon.
You were full.

You visited 1 branch of the dungeon, and saw 4 of its levels.

You collected 203 gold pieces.

Inventory:

Armour
 a - a +0 robe (worn)
Jewellery
 d - a ring of protection from fire (left claw)
Scrolls
 e - 3 scrolls of blinking {unknown}
 h - 7 scrolls of identify {unknown}
 i - a scroll of recharging {unknown}
 j - a scroll of enchant weapon {unknown}
 k - a scroll of remove curse {unknown}
 n - a scroll of immolation {unknown}
 o - a scroll of random uselessness {unknown}
Potions
 c - a potion of cure mutation {unknown}
 m - a potion of resistance {unknown}
Comestibles
 b - 4 bread rations
 g - a meat ration


   Skills:
 + Level 3.3 Fighting
 + Level 1.9 Armour
 + Level 3.2 Dodging
 - Level 1.0 Stealth
 + Level 4.0 Unarmed Combat


You had 4 spell levels left.
You didn't know any spells.

Dungeon Overview and Level Annotations

Branches:
Dungeon (4/15)
 Temple: D:4-7

Altars:

Annotations:
D:4 Armakuni's ghost, novice HuFi


Innate Abilities, Weirdness & Mutations

You are too large for most types of armour.
You have claws for hands.
Your metabolism is lightning-fast.
You like to eat raw meat.
Your natural rate of healing is unusually fast.
You are covered in fur. (AC +1)
You have very tough skin. (AC +2)


Message History

You feel very sick.
* * * LOW HITPOINT WARNING * * *
You feel very sick.
* * * LOW HITPOINT WARNING * * *
You feel very sick.
* * * LOW HITPOINT WARNING * * *
You feel sick.
* * * LOW HITPOINT WARNING * * *
You feel very sick.
* * * LOW HITPOINT WARNING * * *
You feel sick.
* * * LOW HITPOINT WARNING * * *
You feel sick.
* * * LOW HITPOINT WARNING * * *
You feel sick.
* * * LOW HITPOINT WARNING * * *
You feel sick.
* * * LOW HITPOINT WARNING * * *
You feel sick.
You die...

..........>...#.##.#
#############.#.##.#
#........##.#
#.####.####.# #.#
#....#.# #.#
####.#.##### #.#
#.#.....# ########.#
#.#####.# .........#
#@# #.# ##########
#.#####.# #.......#
#.####### ###


There were no monsters in sight!

Vanquished Creatures
  Jessica (D:3)
  Ijyb (D:3)
  4 gnolls
  2 adders
  An ooze (D:3)
  A worm (D:2)
  4 dart slugs
  A leopard gecko (D:3)
  5 orcs
  5 bats
  4 giant cockroaches
  4 goblins
  7 hobgoblins
  3 jackals (D:1)
  2 quokkas (D:3)
  3 ball pythons (D:3)
  2 frilled lizards (D:3)
  6 kobolds
  4 rats
60 creatures vanquished.

Notes
Turn   | Place    | Note
-------+----------+-------------------------------------------
     0 | D:1      | dobroeutro the Troll Monk began the quest for the Orb.
     0 | D:1      | Reached XP level 1. HP: 22/22 MP: 0/0
    23 | D:1      | Reached XP level 2. HP: 10/29 MP: 1/1
   350 | D:1      | Reached XP level 3. HP: 36/36 MP: 2/2
   626 | D:2      | Reached skill level 1 in Armour
   907 | D:2      | Reached XP level 4. HP: 44/44 MP: 3/3
   925 | D:2      | Found a faded altar of an unknown god.
  1465 | D:3      | Noticed Jessica
  1469 | D:3      | Killed Jessica
  1722 | D:3      | Noticed Ijyb
  1730 | D:3      | Killed Ijyb
  1730 | D:3      | Reached XP level 5. HP: 53/53 MP: 4/4
  1920 | D:3      | Reached skill level 4 in Unarmed Combat
  1992 | D:4      | Noticed Armakuni's ghost (novice HuFi)
  2108 | D:3      | HP: 1/53 [poisoned by Armakuni's ghost]
  2109 | D:3      | Succumbed to Armakuni's ghost's poison

Vault maps used:
D:1:      lightli_arrival_maybe_door_vault, minivault_19
D:2:      ecumenical_altar_2
D:3:      uniq_jessica, uniq_iyjb
D:4:      first_bread, serial_shops, nicolae_shop_competitors_out_of_business,
          nicolae_shop_statue_plus, nicolae_shop_trees, st_stairs_11

Skill      XL: |  1  2  3  4  5 |
---------------+----------------+-----
Armour         | 1 |  1.9
Dodging        | 3 |  3.2
Fighting       | 3 |  3.3
Unarmed Combat | 4 |  4.0
Stealth        | |  1.0

Action                   |  1- 3 |  4- 6 || total
-------------------------+-------+-------++-------
Melee: Unarmed           |    71 |   108 ||   179
       Punch             |     1 |       ||     1
  Use: Potion            |       |     2 ||     2
 Stab: Sleeping          |     3 |     1 ||     4
  Eat: Chunk             |     8 |    14 ||    22
Armor: Robe              |    33 |    26 ||    59
Dodge: Dodged            |    39 |    54 ||    93
